 Dungeon Crawl Stone Soup version 0.29-a0-330-g52719c12eb (webtiles) character file.

Game seed: 12902193247799821317

296 Sopht the Firebug (level 6, -4/49 HPs)
             Began as a Tengu Fire Elementalist on Apr 12, 2022.
             Was a Believer of Elyvilon.
             Killed by divine providence
             ... invoked by an orc priest
              (9 damage)
             ... on level 4 of the Dungeon.
             The game lasted 00:29:52 (3631 turns).

Sopht the Firebug (Tengu Fire Elementalist)         Turns: 3631, Time: 00:29:53

Health: -4/49      AC: 23    Str:  9    XL:     6   Next: 34%
Magic:  7/12       EV:  2    Int: 17    God:    Elyvilon [**....]
Gold:   131        SH:  0    Dex: 14    Spells: 9/12 levels left

rFire   . . .      SeeInvis .   e - +0 short sword (flame)
rCold   . . .      Faith    .   (no shield)
rNeg    . . .      Spirit   .   (body armour currently unavailable)
rPois   +          Reflect  .   (helmet currently unavailable)
rElec   .          Harm     .   (cloak currently unavailable)
rCorr   .          Rampage  .   (gloves currently unavailable)
Will    .....      NoTele   +   (boots unavailable)
Stlth   ++........              (no amulet)
HPRegen 0.16/turn               (no ring)
MPRegen 0.13/turn               (no ring)

@: tree-form
A: stationary, stasis, torment immunity, boosted hp, (beak), (talons 3), nimble
flight
a: Renounce Religion, Purification, Heal Other


You were on level 4 of the Dungeon.
You worshipped Elyvilon.
Elyvilon was pleased with you.
You were a tree.
You visited 1 branch of the dungeon, and saw 4 of its levels.

You collected 131 gold pieces.

Inventory:

Hand Weapons
 e - a +0 short sword of flaming (weapon)
Missiles
 c - 12 poisoned darts
Armour
 b - a +0 ring mail (melded)
Scrolls
 f - a scroll of fog
Potions
 d - a potion of brilliance


   Skills:
 + Level 0.4 Fighting
 + Level 1.0 Short Blades
 + Level 3.1 Armour
 + Level 2.7 Dodging
 + Level 2.1 Stealth
 + Level 3.7 Spellcasting
 + Level 2.8 Conjurations
 + Level 4.3 Fire Magic


You had 9 spell levels left.
You knew the following spells:

 Your Spells              Type           Power      Damage    Failure   Level
a - Foxfire               Conj/Fire      60%        2x1d7     3%          1
b - Scorch                Fire           34%        2d6       4%          2

Your spell library contained the following spells:

 Spells                   Type           Power      Damage    Failure   Level
 Magic Dart               Conj           48%        1d5       4%          1
 Conjure Flame            Conj/Fire      15%        6-21      11%         3
 Static Discharge         Conj/Air       7%         N/A       14%         2
 Inner Flame              Hex/Fire       10%        N/A       21%         3
 Call Imp                 Summ           3%         N/A       24%         2
 Mephitic Cloud           Conj/Pois/Air  6%         N/A       32%         3
 Flame Wave               Conj/Fire      15%        2d6       36%         4
 Lightning Bolt           Conj/Air       3%         1d15      94%         5
 Maxwell's Capacitive Co  Air            1%         ∞         100%        8


Dungeon Overview and Level Annotations

Branches:
Dungeon (4/15)
 Temple: D:4-7

Altars:
Elyvilon
Wu Jian


Innate Abilities, Weirdness & Mutations

You are a tree.
Your roots penetrate the ground, keeping you stationary.
You cannot be teleported.
You are immune to unholy pain and torment.
Your maximum health is greatly increased.
Your equipment is partially melded.
((You have a beak for a mouth.))
((You have claws for feet.))
Your magical nature lets you fly swiftly and evasively.


Message History

It was a potion of lignification.
You turn into a tree.
Your +0 ring mail melds into your body.
Your roots penetrate the ground.
The orc priest casts a cantrip, but nothing happens.
You hit the orc priest but do no damage.
The orc priest is lightly wounded.
The orc priest barely misses you.
You hit the orc priest but do no damage.
The orc priest is lightly wounded.
The orc priest invokes the aid of Beogh against you.
Beogh smites you!
* * * LOW HITPOINT WARNING * * *
You hit the orc priest. You burn the orc priest.
The orc priest is moderately wounded.
The orc priest completely misses you.
You hit the orc priest but do no damage.
The orc priest is moderately wounded.
The orc priest hits you but does no damage.
You hit the orc priest but do no damage.
The orc priest is moderately wounded.
The orc priest looks satisfied for a moment.
You hit the orc priest but do no damage.
The orc priest is moderately wounded.
The orc priest mumbles some strange prayers to Beogh against you.
Beogh smites you! Elyvilon protects you from harm!
You hit the orc priest. You burn the orc priest.
The orc priest is heavily wounded.
The orc priest hits you but does no damage.
You hit the orc priest but do no damage.
The orc priest is heavily wounded.
The orc priest hits you but does no damage.
You hit the orc priest. You burn the orc priest.
The orc priest is severely wounded.
The orc priest hits you with a +0 dagger.
* * * LOW HITPOINT WARNING * * *
You hit the orc priest but do no damage.
The orc priest is severely wounded.
The orc priest mumbles some strange prayers to Beogh against you.
Beogh smites you!
You die...

#### #### #.. ..#
#.######.#
############.##...#.####
.....)..o♣.............#
.##)#####.##.#....#.##.#
#.##.§..###.##.#
#.##.....##.##.#
#.##........##.#
#.####.#######.# ..# #.#
#.# ### #.# #.### #+#
#....


You could see an orc priest.

Vanquished Creatures
  Pargi (D:3)
  An orc priest (D:3)
  Jessica (D:3)
  2 orc wizards
  2 adders
  2 worms (D:2)
  5 orcs
  6 bats
  6 endoplasms
  A giant cockroach (D:1)
  9 goblins
  7 hobgoblins
  2 jackals (D:3)
  2 quokkas (D:2)
  2 ball pythons (D:2)
  3 frilled lizards
  8 kobolds
  4 rats
64 creatures vanquished.

Vanquished Creatures (others)
  146 foxfires
  2 plants (D:3)
148 creatures vanquished.

Grand Total: 212 creatures vanquished

Notes
Turn   | Place    | Note
-------+----------+-------------------------------------------
     0 | D:1      | Sopht the Tengu Fire Elementalist began the quest for the
                  | Orb.
     0 | D:1      | Reached XP level 1. HP: 10/10 MP: 4/4
   301 | D:1      | Reached XP level 2. HP: 15/15 MP: 4/6
  1220 | D:2      | Reached XP level 3. HP: 19/19 MP: 1/7
  1640 | D:2      | You fall into a shaft and drop 1 floor!
  1884 | D:2      | Found a faded altar of an unknown god.
  1906 | D:2      | Prayed at the altar of an unknown god.
  1906 | D:2      | Became a worshipper of Elyvilon the Healer
  1906 | D:2      | Reached * piety under Elyvilon
  2020 | D:2      | Learned a level 2 spell: Scorch
  2054 | D:3      | Noticed Pargi
  2067 | D:3      | Killed Pargi
  2068 | D:3      | Reached skill level 4 in Fire Magic
  2068 | D:3      | Reached XP level 4. HP: 6/24 MP: 5/9
  2068 | D:3      | Gained mutation: Your magical nature lets you fly swiftly
                  | and evasively. [Tengu growth]
  2068 | D:3      | Reached XP level 5. HP: 7/28 MP: 5/10
  2432 | D:3      | Reached skill level 1 in Short Blades
  2497 | D:3      | Reached XP level 6. HP: 14/33 MP: 8/11
  2529 | D:3      | Noticed Jessica
  2535 | D:3      | Killed Jessica
  3016 | D:3      | Reached ** piety under Elyvilon
  3020 | D:3      | Found an ornate altar of the Wu Jian Council.
  3627 | D:4      | Elyvilon protects you from harm!
  3631 | D:4      | Killed from afar by an orc priest

Illustrated notes

Levels and vault maps discovered:
D:1:      heliophobic_arrival_henge, layout_basic, minmay_stone_trees_small
D:2:      layout_loops_ring, shapermc_ecumenical_altar_venn
D:3:      layout_loops_corners, pdpol_wu_jian_five_deadly_venoms,
          minmay_misc_feat_encased, nrook_campfire, lexackson_kobold_supper,
          uniq_jessica, uniq_pargi
D:4:      minmay_razor_zed, layout_loops_corners, hangedman_decor_diamond_cutter

Skill      XL: |  1  2  3  4  5 |
---------------+----------------+-----
Conjurations   | 2 |  2.8
Armour         | 2 3 |  3.1
Spellcasting   | 3 |  3.7
Fire Magic     | 4 |  4.3
Short Blades   | 1 |  1.0
Fighting       | |  0.4
Dodging        | |  2.7
Stealth        | |  2.1

Action                   |  1- 3 |  4- 6 || total
-------------------------+-------+-------++-------
Melee: Short sword       |    33 |    27 ||    60
       Unarmed           |     3 |       ||     3
       Kick              |     7 |     5 ||    12
       Peck              |     5 |     2 ||     7
       Punch             |     1 |     1 ||     2
 Cast: Foxfire           |    56 |    45 ||   101
  Use: Potion            |     3 |     2 ||     5
       Scroll            |     2 |     3 ||     5
Armor: Ring mail         |    27 |     7 ||    34
       Robe              |     2 |       ||     2
       Skin              |       |     3 ||     3
Dodge: Dodged            |    43 |     9 ||    52

Table legend: (Time is in decaauts)
 A = Elapsed time spent in this place.
 B = Non-inter-level travel time spent in this place.
 C = Inter-level travel time spent in this place.
 D = Time resting spent in this place.
 E = Time spent auto-exploring this place.
 F = Levels seen in this place.
 G = Mean time per level.
                   A        B        C        D        E       F      G
               +--------+--------+--------+--------+--------+-----+--------+
         Total |   3533 |   3533 |      0 |      0 |   1779 |   4 |  883.2 |
       Dungeon |   3533 |   3533 |      0 |      0 |   1779 |   4 |  883.2 |
               +--------+--------+--------+--------+--------+-----+--------+

Top non-repeatable levels by time:
     D:1: 1206 daAuts
     D:3: 1191 daAuts
     D:2: 1041 daAuts
     D:4: 93 daAuts
